 Dungeon Crawl Stone Soup version 0.29-a0-359-g541a27f54d (webtiles) character file.

Game seed: 11186704001290324746

53 Hubjo the Firebug (level 3, -1/20 HPs)
             Began as a Deep Elf Fire Elementalist on Apr 27, 2022.
             Succumbed to Crazy Yiuf's poison
             ... on level 2 of the Dungeon.
             The game lasted 00:03:19 (3091 turns).

Hubjo the Firebug (Deep Elf Fire Elementalist)      Turns: 3091, Time: 00:03:19

Health: -1/20      AC:  2    Str:  5    XL:     3   Next: 62%
Magic:  3/10       EV: 13    Int: 19    God:
Gold:   103        SH:  0    Dex: 17    Spells: 8/9 levels left

rFire   . . .      SeeInvis .   l - +0 short sword
rCold   . . .      Faith    .   (no shield)
rNeg    . . .      Spirit   +   a - +0 robe
rPois   .          Reflect  .   (no helmet)
rElec   .          Harm     .   (no cloak)
rCorr   +          Rampage  .   (no gloves)
Will    .....                   (no boots)
Stlth   ++........              i - amulet of guardian spirit
HPRegen 0.06/turn               n - ring of resist corrosion
MPRegen 0.12/turn               (no ring)

@: lethally poisoned (-1 -> -9), about to teleport, hasted, very quick
A: no striking features
a: no special abilities


You were on level 2 of the Dungeon.
You visited 1 branch of the dungeon, and saw 2 of its levels.

You collected 103 gold pieces.

Inventory:

Hand Weapons
 l - a +0 short sword (weapon)
Armour
 a - a +0 robe (worn)
Jewellery
 i - an amulet of guardian spirit (around neck)
 n - a ring of resist corrosion (left hand)
Scrolls
 e - a scroll of enchant armour
 g - a scroll of teleportation
 j - a scroll of fog
Potions
 b - a potion of magic
 d - a potion of curing {unknown}
 h - a potion of might {unknown}


   Skills:
 * Level 1.5 Fighting
 - Level 2.4 Dodging
 + Level 3.1 Stealth
 + Level 3.6 Spellcasting
 - Level 1.1 Conjurations
 + Level 3.7 Fire Magic


You had 8 spell levels left.
You knew the following spells:

 Your Spells              Type           Power      Damage    Failure   Level
a - Foxfire               Conj/Fire      48%        2x1d6     5%          1

Your spell library contained the following spells:

 Spells                   Type           Power      Damage    Failure   Level
 Scorch                   Fire           34%        2d6       4%          2
 Conjure Flame            Conj/Fire      12%        6-21      16%         3
 Inner Flame              Hex/Fire       10%        N/A       21%         3
 Gell's Gravitas          Tloc           3%         N/A       41%         3
 Teleport Other           Tloc           3%         N/A       41%         3
 Flame Wave               Conj/Fire      12%        2d6       45%         4
 Dispersal                Tloc           1%         N/A       100%        6


Dungeon Overview and Level Annotations

Branches:
Dungeon (2/15)

Altars:

Shops:
D:2 ?

Annotations:
D:2 Crazy Yiuf


Message History

Crazy Yiuf says, "East!
Hah high head."
Crazy Yiuf says, "Hack sanguine song!"
Crazy Yiuf cries, "You leg down broken song, no?"
Crazy Yiuf grits, "You!
Goober arga sing."
Crazy Yiuf sings, "Trees, trees, trees, circus!"
Crazy Yiuf screams, "Tosser eyeball toodlewoodle!"
Crazy Yiuf says, "Paint!"
Crazy Yiuf yells, "Shower cower hand!"
Crazy Yiuf sings, "Trees, trees, trees, circus!"
Crazy Yiuf says, "Rot!
Citrus unthinkable pizzabubble."
Crazy Yiuf grits, "Scoff!"
Done waiting.
You open the door. Crazy Yiuf attacks as you move away!
Crazy Yiuf hits you with a +3 quarterstaff of chaos.
Crazy Yiuf grits, "Flower!"
You conjure some foxfire!
Crazy Yiuf hits you with a +3 quarterstaff of chaos.
Crazy Yiuf freezes you. Crazy Yiuf attacks as you move away!
Crazy Yiuf completely misses you.
The foxfire hits Crazy Yiuf.
Crazy Yiuf is moderately wounded.
The foxfire hits Crazy Yiuf but does no damage.
Crazy Yiuf is moderately wounded.
You conjure some foxfire!
Crazy Yiuf hits you with a +3 quarterstaff of chaos!
* * * LOW HITPOINT WARNING * * *
You are lethally poisoned!
You are too injured to fight recklessly!
As you read the scroll of teleportation, it crumbles to dust.
You feel strangely unstable.
* * * LOW HITPOINT WARNING * * *
You feel very sick.
The foxfire hits Crazy Yiuf.
Crazy Yiuf is heavily wounded.
The foxfire hits Crazy Yiuf but does no damage.
Crazy Yiuf is heavily wounded.
Crazy Yiuf barely misses you.
It was a potion of haste.
You feel yourself speed up.
You die...

.#.....'.........'...............
.#######.........####.##.#####.##
.# #.........# #..#.# #.# .#
########### ##.#'## #.# .# #....#
#.## .# #....# #... .# ### ♣♣####
#....# #... .# #)..#♣♣ ♣♣.#..##
#....# #... .#
#...'.♣♣♣♣.Pg@..###....# #... .#
#...#♣..♣.PP...........# #... .#
### ♣♣♣.♣..#.#####....# #..# .#
♣♣♣♣♣### #.#+#####..# .# ###
#.#.#......# .#####
##########.####.#.........
.....###..........+.....#.####.##
......####........####.......#.##
......## #####........#.#..#.....


You could see Crazy Yiuf.

Vanquished Creatures
  An adder (D:2)
  5 bats
  6 endoplasms
  3 giant cockroaches
  3 goblins
  3 hobgoblins
  4 jackals (D:1)
  4 kobolds
  2 quokkas (D:1)
  5 ball pythons
  A rat (D:1)
37 creatures vanquished.

Vanquished Creatures (others)
  187 foxfires
187 creatures vanquished.

Grand Total: 224 creatures vanquished

Notes
Turn   | Place    | Note
-------+----------+-------------------------------------------
     0 | D:1      | Hubjo the Deep Elf Fire Elementalist began the quest for
                  | the Orb.
     0 | D:1      | Reached XP level 1. HP: 10/10 MP: 6/6
   651 | D:1      | Reached XP level 2. HP: 16/16 MP: 5/8
  1069 | D:1      | Reached skill level 1 in Fighting
  1505 | D:1      | Reached XP level 3. HP: 20/20 MP: 1/9
  2333 | D:2      | Found Yxka's Magic Scroll Shoppe.
  2598 | D:2      | Found a runed translucent door.
  2599 | D:2      | Noticed Crazy Yiuf
  3090 | D:2      | HP: 1/20 [poisoned by Crazy Yiuf]
  3091 | D:2      | Succumbed to Crazy Yiuf's poison

Illustrated notes

Levels and vault maps discovered:
D:1:      minmay_arrival_four_loops, layout_loops_ring, eino_curves_02
D:2:      layout_basic, serial_shops, shop, uniq_crazy_yiuf_cottage

Skill      XL: |  1  2  3 |
---------------+----------+-----
Fighting       | 1 |  1.5
Stealth        | 3 |  3.1
Dodging        | |  2.4
Spellcasting   | |  3.6
Conjurations   | |  1.1
Fire Magic     | |  3.7

Action                   || total
-------------------------++-------
Melee: Unarmed           ||    27
       Punch             ||     3
 Cast: Foxfire           ||   140
  Use: Scroll            ||     7
       Potion            ||     1
Armor: Robe              ||     9
Dodge: Dodged            ||    26

Table legend: (Time is in decaauts)
 A = Elapsed time spent in this place.
 B = Non-inter-level travel time spent in this place.
 C = Inter-level travel time spent in this place.
 D = Time resting spent in this place.
 E = Time spent auto-exploring this place.
 F = Levels seen in this place.
 G = Mean time per level.
                   A        B        C        D        E       F      G
               +--------+--------+--------+--------+--------+-----+--------+
         Total |   3089 |   3044 |     45 |    196 |   2547 |   2 | 1544.5 |
       Dungeon |   3089 |   3044 |     45 |    196 |   2547 |   2 | 1544.5 |
               +--------+--------+--------+--------+--------+-----+--------+

Top non-repeatable levels by time:
     D:1: 1823 daAuts
     D:2: 1266 daAuts
